BlueJackets vs Canadiens

Created - Thursday, January 28, 2016 at 00:31

Goals
1 2 3 T
BlueJackets 1 0 1 2
Canadiens 3 0 8 11
Shots
1 2 3 T
BlueJackets 10 6 12 28
Canadiens 13 5 19 37

1st period

1. Canadiens , Radim Vrbata 33 (Alex Goligoski, Justin Abdelkader) at 0:20
2. Canadiens , Justin Abdelkader 32 (Joe Thornton, Alex Goligoski) at 2:15
3. Canadiens , Mathieu Perreault 25 (Ryan Callahan) at 2:34
4. BlueJackets , Victor Rask 17 (Brian Dumoulin) at 16:01 (PP)

Penalties :
Magnus Paajarvi (Clb) for Delaying the game (Minor) at 2:39, Seth Helgeson (Clb) for Hooking (Minor) at 11:52, Justin Abdelkader (Mon) for Hooking (Minor) at 14:34, Brian Boyle (Mon) for Interference (Minor) at 15:04, Radim Vrbata (Mon) for Holding (Minor) at 17:45, Derek Dorsett (Clb) for Tripping (Minor) at 19:51

2nd period

No Goal

Penalties :
Brian Boyle (Mon) for Interference (Minor) at 3:08, Ryan Callahan (Mon) for Hooking (Minor) at 16:30, Justin Abdelkader (Mon) for Tripping (Minor) at 19:20

3rd period

5. Canadiens , Ryan Callahan 25 (Mike Cammalleri, Alex Goligoski) at 2:04
6. Canadiens , Joe Thornton 17 (Justin Abdelkader, Pekka Rinne) at 4:51 (PP)
7. Canadiens , Mathieu Perreault 26 (Ryan Callahan) at 5:02 (PP)
8. Canadiens , Justin Abdelkader 33 (Joe Thornton, Dennis Seidenberg) at 10:55 (PP)
9. Canadiens , Radim Vrbata 34 (Justin Abdelkader, Joe Thornton) at 12:01
10. Canadiens , Justin Abdelkader 34 (Joe Thornton) at 12:09
11. Canadiens , Joe Thornton 18 (Radim Vrbata) at 14:35 (PP)
12. BlueJackets , Victor Rask 18 (Ryan Garbutt) at 16:20 (PP)
13. Canadiens , Radim Vrbata 35 (Joe Thornton, Justin Abdelkader) at 18:44 (PP)

Penalties :
Derek Dorsett (Clb) for Holding (Minor) at 3:20, Seth Helgeson (Clb) for Tripping (Minor) at 4:56, Francois Beauchemin (Mon) for Fighting (Major) at 5:22, Magnus Paajarvi (Clb) for Fighting (Major) at 5:22, Patrick Wiercioch (Clb) for Roughing (Minor) at 6:06, Patrick Wiercioch (Clb) for High sticking (Minor) at 9:52, Chris Thorburn (Clb) for Hooking (Minor) at 14:33, Dennis Seidenberg (Mon) for Slashing (Minor) at 15:34, Trevor van Riemsdyk (Clb) for Hooking (Minor) at 17:13, Derek Dorsett (Clb) for Hooking (Minor) at 19:24

Goalie Stats

Joni Ortio (Clb), 7 saves from 13 shots - (0.538), 15:09 minutes
Anders Lindback (Clb), 19 saves from 24 shots - (0.792), L, 2-12-1, 44:51 minutes
Pekka Rinne (Mon), 26 saves from 28 shots - (0.929), W, 25-10-7, 60:00 minutes

Players Stats for BlueJackets

Player Name              G  A  P  +/- PIM S  H  SB GA TA FO     MP     PP MP  PK MP  
------------------------------------------------------------------------------------
Brian Dumoulin           0  1  1  -1  0   2  3  1  0  1  0/0    24:14   4:32   9:03 
Carl Klingberg           0  0  0  -2  0   1  2  2  0  0  4/11   12:08   0:00   0:00 
Chad Ruhwedel            0  0  0   0  0   1  0  1  0  1  0/0    22:14   6:39   6:43 
Chris Thorburn           0  0  0  -2  2   0  1  0  1  0  0/2    14:17   5:22   0:37 
Derek Dorsett            0  0  0  -2  6   4  0  0  3  0  0/0    12:21   0:00   0:00 
Drew Shore               0  0  0   0  0   0  0  0  0  0  0/0     0:00   0:00   0:00 
Kevin Connauton          0  0  0  -3  0   0  0  0  1  1  0/0    12:13   0:00   0:00 
Magnus Paajarvi          0  0  0   0  7   1  0  0  0  0  0/5     5:45   0:00   0:14 
Matt Nieto               0  0  0  -2  0   6  2  0  2  0  1/2    19:13   5:49   2:53 
Nick Shore               0  0  0   0  0   0  0  1  0  1  2/6    10:20   0:40   0:55 
Patrick Wiercioch        0  0  0  -4  4   1  3  0  0  0  0/0    29:00   6:39   7:12 
Ryan Garbutt             0  1  1  -2  0   1  4  1  2  3  1/11   22:49   5:22   9:08 
Ryane Clowe              0  0  0  -2  0   3  0  0  1  0  0/0    12:08   0:00   0:00 
Sam Gagner               0  0  0  -2  0   1  1  1  0  0  8/17   20:01   5:09   2:41 
Seth Helgeson            0  0  0  -2  4   0  0  0  0  0  0/0    19:24   4:32   2:30 
Teddy Purcell            0  0  0  -2  0   2  0  0  1  1  0/2    24:31   5:49   9:14 
Trevor van Riemsdyk      0  0  0  -2  2   0  0  3  0  0  0/0    13:03   0:00   0:00 
Victor Rask              2  0  2  -2  0   5  0  0  0  0  5/11   13:28   5:22   0:00 

Players Stats for Canadiens

Player Name              G  A  P  +/- PIM S  H  SB GA TA FO     MP     PP MP  PK MP  
------------------------------------------------------------------------------------
Alex Goligoski           0  3  3   4  0   4  3  2  0  0  0/0    29:41   7:28   7:14 
Andrew Campbell          0  0  0   0  0   1  0  0  0  1  0/0    17:53   0:00   7:14 
Ben Lovejoy              0  0  0   2  0   0  4  1  0  0  0/0    21:32   5:16   3:57 
Brian Boyle              0  0  0   0  4   2  0  0  1  0  0/0    12:35   0:00   5:42 
Dennis Seidenberg        0  1  1   2  2   3  0  2  0  2  0/0    17:54   2:19   3:57 
Francois Beauchemin      0  0  0   4  5   1  1  0  2  1  0/0    18:13   5:09   0:00 
Gregory Campbell         0  0  0   0  0   0  1  0  0  1  0/2     8:32   0:00   2:10 
Jaromir Jagr             0  0  0   0  0   0  0  0  0  0  0/0     1:03   0:00   0:00 
Joe Thornton             2  5  7   4  0   4  2  0  2  0  12/16  19:06   7:26   0:00 
Jordie Benn              0  0  0   0  0   1  1  0  0  1  0/0    14:41   5:16   0:00 
Justin Abdelkader        3  4  7   4  4   4  1  0  3  0  1/1    18:04   7:26   0:00 
Mathieu Perreault        2  0  2   2  0   6  1  0  2  0  13/16  18:02   5:18   1:40 
Maxim Lapierre           0  0  0   0  0   0  0  1  0  1  10/17  13:30   0:00   6:46 
Mike Cammalleri          0  1  1   2  0   1  2  0  1  0  1/3    23:58   5:18   5:06 
Mike Ribeiro             0  0  0   0  0   1  2  1  0  0  8/10   10:27   0:00   0:00 
Patrick Eaves            0  0  0   0  0   0  0  0  0  0  0/1    10:27   0:00   0:00 
Radim Vrbata             3  1  4   4  2   5  0  0  2  0  1/1    16:49   7:26   0:00 
Ryan Callahan            1  2  3   2  2   4  4  0  3  0  0/0    15:07   5:18   0:00 

3 Stars

1 - Joe Thornton (Mon)
2 - Justin Abdelkader (Mon)
3 - Radim Vrbata (Mon)

Power Play

BlueJackets - 2 on 7 Attempt(s) - 28.57%
Canadiens - 5 on 10 Attempt(s) - 50.00%

Penalty Kill

BlueJackets - 5 on 10 Attempt(s) - 50.00% - Score 0 goal in Penalty Kill
Canadiens - 5 on 7 Attempt(s) - 71.43% - Score 0 goal in Penalty Kill

Team Stat

BlueJackets - Hits : 16 - Faceoff Wins : 21 - Blocked Shots : 10 - Penalty Minutes : 25
Canadiens - Hits : 22 - Faceoff Wins : 46 - Blocked Shots : 7 - Penalty Minutes : 19

Official

Referees : Unknown
Linesman : Unknown

Game Notes

Jaromir Jagr is injured at 5:01 of 1st period (Sore Right Knee)
Joni Ortio enters game at 4:51 of 3rd period
Francois Beauchemin beats up Magnus Paajarvi at 5:22 of 3rd period
Justin Abdelkader has scored a Hat Trick!
Sam Gagner is injured at 12:50 of 3rd period (Strained Left Knee)
Radim Vrbata has scored a Hat Trick!

Finance

Level 1 -- Attendance: 5862 (97.70%) -- Ticket Income $480,684
Level 2 -- Attendance: 4690 (93.80%) -- Ticket Income $234,500
Level 3 -- Attendance: 1779 (88.95%) -- Ticket Income $49,812
Level 4 -- Attendance: 4000 (100.00%) -- Ticket Income $68,000
Luxury Box -- Attendance: 938 (93.80%) -- Ticket Income $164,150
Game was played at the Bell Centre.
Total Attendance: 17269 (95.94%)
Total Ticket Income: $997,146
Other Income: $488,602
Total Income: $1,485,748

BlueJackets

5 vs 5 Forward 
   Center                   Left Wing                Right Wing               Time % Phy DF OF 
 1 Sam Gagner               Teddy Purcell            Matt Nieto               35     1   2  2  
 2 Victor Rask              Ryan Garbutt             Chris Thorburn           30     1   2  2  
 3 Carl Klingberg           Ryane Clowe              Derek Dorsett            22     1   2  2  
 4 Magnus Paajarvi          Nick Shore               Sam Gagner               13     1   2  2  

5 vs 5 Defense 
   Defense                  Defense                                           Time % Phy DF OF 
 1 Trevor van Riemsdyk      Patrick Wiercioch                                 35     1   2  2  
 2 Kevin Connauton          Seth Helgeson                                     30     1   2  2  
 3 Brian Dumoulin           Chad Ruhwedel                                     22     1   2  2  
 4 Kevin Connauton          Patrick Wiercioch                                 13     1   2  2  

PowerPlay Forward 
   Center                   Left Wing                Right Wing               Time % Phy DF OF 
 1 Sam Gagner               Teddy Purcell            Matt Nieto               60     1   2  2  
 2 Victor Rask              Ryan Garbutt             Chris Thorburn           40     1   2  2  

PowerPlay Defense
   Defense                  Defense                                           Time % Phy DF OF 
 1 Chad Ruhwedel            Patrick Wiercioch                                 60     1   2  2  
 2 Brian Dumoulin           Seth Helgeson                                     40     1   2  2  

Penalty Kill 4 Players Forward 
   Center                   Wing                     Time % Phy DF OF 
 1 Ryan Garbutt             Teddy Purcell            60     1   2  2  
 2 Sam Gagner               Matt Nieto               40     1   2  2  

Penalty Kill 4 Players Defense
   Defense                  Defense                  Time % Phy DF OF 
 1 Brian Dumoulin           Patrick Wiercioch        60     1   2  2  
 2 Chad Ruhwedel            Seth Helgeson            40     1   2  2  

Penalty Kill - 3 Players Forward 
   Forward                                           Time % Phy DF OF 
 1 Matt Nieto                                        60     1   2  2  
 2 Teddy Purcell                                     40     1   2  2  

Penalty Kill - 3 Players Defense
   Defense                  Defense                  Time % Phy DF OF 
 1 Chad Ruhwedel            Patrick Wiercioch        60     1   2  2  
 2 Brian Dumoulin           Seth Helgeson            40     1   2  2  

4 vs 4 Forward 
   Center                   Wing                     Time % Phy DF OF 
 1 Ryan Garbutt             Teddy Purcell            60     1   2  2  
 2 Sam Gagner               Matt Nieto               40     1   2  2  

4 vs 4 Defense
   Defense                  Defense                  Time % Phy DF OF 
 1 Brian Dumoulin           Patrick Wiercioch        60     1   2  2  
 2 Chad Ruhwedel            Seth Helgeson            40     1   2  2  

Last Minutes Offensive
   Center                   Left Wing                Right Wing               Defense                  Defense                  
   Sam Gagner               Teddy Purcell            Matt Nieto               Trevor van Riemsdyk      Patrick Wiercioch        

Last Minutes Defensive
   Center                   Left Wing                Right Wing               Defense                  Defense                  
   Sam Gagner               Teddy Purcell            Matt Nieto               Trevor van Riemsdyk      Patrick Wiercioch        

Goaltenders
Starting : Anders Lindback          
Backup : Joni Ortio               

Extra Forwards
Normal : Sam Gagner, Matt Nieto, Teddy Purcell - PP : Matt Nieto, Teddy Purcell - PK : Teddy Purcell
Extra Defensemen
Normal : Brian Dumoulin, Chad Ruhwedel, Patrick Wiercioch - PP : Brian Dumoulin - PK : Chad Ruhwedel, Patrick Wiercioch
Penalty Shots
Chris Thorburn, Teddy Purcell, Sam Gagner, Matt Nieto, Ryan Garbutt

Canadiens

5 vs 5 Forward 
   Center                   Left Wing                Right Wing               Time % Phy DF OF 
 1 Joe Thornton             Justin Abdelkader        Radim Vrbata             31     1   1  3  
 2 Mathieu Perreault        Mike Cammalleri          Ryan Callahan            31     1   1  3  
 3 Mike Ribeiro             Patrick Eaves            Jaromir Jagr             31     1   1  3  
 4 Maxim Lapierre           Brian Boyle              Gregory Campbell         7      1   3  1  

5 vs 5 Defense 
   Defense                  Defense                                           Time % Phy DF OF 
 1 Alex Goligoski           Francois Beauchemin                               40     1   2  2  
 2 Dennis Seidenberg        Ben Lovejoy                                       34     1   2  2  
 3 Jordie Benn              Andrew Campbell                                   26     1   3  1  
 4 Francois Beauchemin      Dennis Seidenberg                                 0      1   2  2  

PowerPlay Forward 
   Center                   Left Wing                Right Wing               Time % Phy DF OF 
 1 Joe Thornton             Justin Abdelkader        Radim Vrbata             55     1   1  3  
 2 Mathieu Perreault        Mike Cammalleri          Ryan Callahan            45     1   1  3  

PowerPlay Defense
   Defense                  Defense                                           Time % Phy DF OF 
 1 Alex Goligoski           Francois Beauchemin                               60     1   1  3  
 2 Ben Lovejoy              Jordie Benn                                       40     1   2  2  

Penalty Kill 4 Players Forward 
   Center                   Wing                     Time % Phy DF OF 
 1 Maxim Lapierre           Brian Boyle              60     1   3  1  
 2 Gregory Campbell         Mike Cammalleri          40     1   3  1  

Penalty Kill 4 Players Defense
   Defense                  Defense                  Time % Phy DF OF 
 1 Andrew Campbell          Alex Goligoski           60     1   3  1  
 2 Ben Lovejoy              Dennis Seidenberg        40     1   3  1  

Penalty Kill - 3 Players Forward 
   Forward                                           Time % Phy DF OF 
 1 Brian Boyle                                       60     1   3  1  
 2 Maxim Lapierre                                    40     1   3  1  

Penalty Kill - 3 Players Defense
   Defense                  Defense                  Time % Phy DF OF 
 1 Andrew Campbell          Alex Goligoski           60     1   3  1  
 2 Ben Lovejoy              Dennis Seidenberg        40     1   3  1  

4 vs 4 Forward 
   Center                   Wing                     Time % Phy DF OF 
 1 Mike Ribeiro             Justin Abdelkader        60     1   2  2  
 2 Mathieu Perreault        Ryan Callahan            40     1   2  2  

4 vs 4 Defense
   Defense                  Defense                  Time % Phy DF OF 
 1 Alex Goligoski           Dennis Seidenberg        60     1   2  2  
 2 Andrew Campbell          Francois Beauchemin      40     1   2  2  

Last Minutes Offensive
   Center                   Left Wing                Right Wing               Defense                  Defense                  
   Joe Thornton             Justin Abdelkader        Radim Vrbata             Alex Goligoski           Francois Beauchemin      

Last Minutes Defensive
   Center                   Left Wing                Right Wing               Defense                  Defense                  
   Maxim Lapierre           Brian Boyle              Gregory Campbell         Alex Goligoski           Andrew Campbell          

Goaltenders
Starting : Pekka Rinne              
Backup : Curtis McElhinney        

Extra Forwards
Normal : Mike Cammalleri, Mathieu Perreault, Joe Thornton - PP : Mike Cammalleri, Mike Ribeiro - PK : Mike Cammalleri
Extra Defensemen
Normal : Francois Beauchemin, Andrew Campbell, Alex Goligoski - PP : Dennis Seidenberg - PK : Francois Beauchemin, Alex Goligoski
Penalty Shots
Radim Vrbata, Maxim Lapierre, Mike Ribeiro, Joe Thornton, Mike Cammalleri

% Time on Ice - BlueJackets

Lines # - Real PCT - Wanted PCT - Time Play
Normal Forward
1 - 25% - 35% - 9:03
2 - 23% - 30% - 8:22
3 - 34% - 22% - 12:09
4 - 18% - 13% - 6:31
Normal Defense
1 - 38% - 35% - 13:51
2 - 34% - 30% - 12:21
3 - 24% - 22% - 8:32
4 - 4% - 13% - 1:21
PP Forward
1 - 52% - 60% - 5:49
2 - 48% - 40% - 5:22
PP Defense
1 - 59% - 60% - 6:39
2 - 41% - 40% - 4:32
PK Forward
1 - 77% - 60% - 9:51
2 - 23% - 40% - 2:53
PK Defense
1 - 71% - 60% - 9:03
2 - 29% - 40% - 3:41
PK3 Forward
1 - 0% - 60%
2 - 0% - 40%
PK3 Defense
1 - 0% - 60%
2 - 0% - 40%
44 Forward
1 - 0% - 60%
2 - 0% - 40%
44 Defense
1 - 0% - 60%
2 - 0% - 40%
Last Minute Offensive  - 0:00
Last Minute Defensive  - 0:00
Total
Forward - 60:00
Defense - 60:00

% Time on Ice - Canadiens

Lines # - Real PCT - Wanted PCT - Time Play
Normal Forward
1 - 27% - 31% - 9:42
2 - 27% - 31% - 9:51
3 - 29% - 31% - 10:28
4 - 17% - 7% - 6:04
Normal Defense
1 - 42% - 40% - 15:01
2 - 34% - 34% - 12:19
3 - 24% - 26% - 8:45
4 - 0% - 0% - 0:00
PP Forward
1 - 58% - 55% - 7:26
2 - 42% - 45% - 5:18
PP Defense
1 - 59% - 60% - 7:28
2 - 41% - 40% - 5:16
PK Forward
1 - 85% - 60% - 8:44
2 - 15% - 40% - 1:30
PK Defense
1 - 61% - 60% - 6:17
2 - 39% - 40% - 3:57
PK3 Forward
1 - 100% - 60% - 0:57
2 - 0% - 40% - 0:00
PK3 Defense
1 - 100% - 60% - 0:57
2 - 0% - 40% - 0:00
44 Forward
1 - 0% - 60%
2 - 0% - 40%
44 Defense
1 - 0% - 60%
2 - 0% - 40%
Last Minute Offensive  - 0:00
Last Minute Defensive  - 0:00
Total
Forward - 60:00
Defense - 60:00

Play by Play

1st period


0:01 of 1st period - Sam Gagner wins face-off versus Joe Thornton in neutral zone.
0:16 of 1st period - Slapshot by Justin Abdelkader.
0:16 of 1st period - Stopped by Anders Lindback with a rebound.
0:18 of 1st period - Slapshot by Alex Goligoski.
0:18 of 1st period - Shot Blocked by Trevor van Riemsdyk.
0:20 of 1st period - Snap shot by Radim Vrbata.
0:20 of 1st period - Goal by Radim Vrbata - BlueJackets : 0 - Canadiens : 1.
0:21 of 1st period - Mathieu Perreault wins face-off versus Victor Rask in neutral zone.
0:34 of 1st period - Ryan Garbutt is hit by Ben Lovejoy and loses puck.
0:47 of 1st period - Slapshot by Victor Rask.
0:47 of 1st period - Stopped by Pekka Rinne without a rebound.
0:48 of 1st period - Mike Ribeiro wins face-off versus Carl Klingberg in Canadiens zone.
1:00 of 1st period - Slapshot by Ryane Clowe.
1:00 of 1st period - Deflect By Derek Dorsett.
1:00 of 1st period - Shot Misses the Net.
1:00 of 1st period - Puck is out of play.
1:01 of 1st period - Carl Klingberg wins face-off versus Patrick Eaves in Canadiens zone.
1:04 of 1st period - Snap shot by Derek Dorsett.
1:04 of 1st period - Stopped by Pekka Rinne with a rebound.
1:08 of 1st period - Snap shot by Ryane Clowe.
1:08 of 1st period - Shot Misses the Net.
1:10 of 1st period - Wrist shot by Carl Klingberg.
1:10 of 1st period - Shot Misses the Net.
1:12 of 1st period - Slapshot by Chad Ruhwedel.
1:12 of 1st period - Stopped by Pekka Rinne with a rebound.
1:14 of 1st period - Snap shot by Carl Klingberg.
1:14 of 1st period - Shot Blocked by Mike Ribeiro.
1:16 of 1st period - Slapshot by Brian Dumoulin.
1:16 of 1st period - Stopped by Pekka Rinne with a rebound.
1:52 of 1st period - Justin Abdelkader is hit by Brian Dumoulin and loses puck.
2:15 of 1st period - Slapshot by Justin Abdelkader.
2:15 of 1st period - Goal by Justin Abdelkader - BlueJackets : 0 - Canadiens : 2.
2:16 of 1st period - Victor Rask wins face-off versus Mathieu Perreault in neutral zone.
2:19 of 1st period - Dennis Seidenberg is hit by Ryan Garbutt and loses puck.
2:26 of 1st period - Snap shot by Ryan Callahan.
2:26 of 1st period - Stopped by Anders Lindback without a rebound.
2:27 of 1st period - Mathieu Perreault wins face-off versus Victor Rask in BlueJackets zone.
2:34 of 1st period - Snap shot by Mathieu Perreault.
2:34 of 1st period - Goal by Mathieu Perreault - BlueJackets : 0 - Canadiens : 3.
2:35 of 1st period - Maxim Lapierre wins face-off versus Magnus Paajarvi in neutral zone.
2:39 of 1st period - Minor Penalty to Magnus Paajarvi for Delaying the game.
2:40 of 1st period - Joe Thornton wins face-off versus Teddy Purcell in BlueJackets zone.
3:40 of 1st period - Snap shot by Ryan Callahan.
3:40 of 1st period - Shot Misses the Net.
4:39 of 1st period - Penalty to Magnus Paajarvi is over, Magnus Paajarvi is back on ice.
5:00 of 1st period - Jaromir Jagr is hit by Carl Klingberg and loses puck.
5:01 of 1st period - Jaromir Jagr from Canadiens is injured at 5:01 of 1st period (Sore Right Knee).
5:02 of 1st period - Sam Gagner wins face-off versus Joe Thornton in Canadiens zone.
5:03 of 1st period - Snap shot by Matt Nieto.
5:03 of 1st period - Deflect By Sam Gagner.
5:03 of 1st period - Shot Misses the Net.
5:03 of 1st period - Puck is out of play.
5:04 of 1st period - Sam Gagner wins face-off versus Joe Thornton in Canadiens zone.
5:07 of 1st period - Wrist shot by Matt Nieto.
5:07 of 1st period - Shot Misses the Net.
5:15 of 1st period - Trevor van Riemsdyk is hit by Joe Thornton.
6:02 of 1st period - Ryan Garbutt is hit by Mike Cammalleri and loses puck.
7:20 of 1st period - Snap shot by Brian Boyle.
7:20 of 1st period - Stopped by Anders Lindback with a rebound.
7:28 of 1st period - Slapshot by Jordie Benn.
7:28 of 1st period - Stopped by Anders Lindback with a rebound.
7:30 of 1st period - Slapshot by Maxim Lapierre.
7:30 of 1st period - Shot Misses the Net.
7:32 of 1st period - Snap shot by Andrew Campbell.
7:32 of 1st period - Stopped by Anders Lindback without a rebound.
7:33 of 1st period - Mike Ribeiro wins face-off versus Magnus Paajarvi in BlueJackets zone.
8:19 of 1st period - Nick Shore is hit by Justin Abdelkader and loses puck.
8:46 of 1st period - Wrist shot by Brian Boyle.
8:46 of 1st period - Shot Blocked by Nick Shore.
8:52 of 1st period - Nick Shore is hit by Gregory Campbell and loses puck.
9:23 of 1st period - Snap shot by Mathieu Perreault.
9:23 of 1st period - Stopped by Anders Lindback with a rebound.
10:27 of 1st period - Justin Abdelkader is hit by Matt Nieto.
10:42 of 1st period - Kevin Connauton is hit by Mike Ribeiro and loses puck.
10:48 of 1st period - Off-side.
10:49 of 1st period - Mike Ribeiro wins face-off versus Victor Rask in neutral zone.
10:58 of 1st period - Snap shot by Mike Ribeiro.
10:58 of 1st period - Stopped by Anders Lindback with a rebound.
11:44 of 1st period - Wrist shot by Ryane Clowe.
11:44 of 1st period - Shot Blocked by Dennis Seidenberg.
11:52 of 1st period - Minor Penalty to Seth Helgeson for Hooking.
11:53 of 1st period - Ryan Garbutt wins face-off versus Mathieu Perreault in BlueJackets zone.
12:12 of 1st period - Ryan Garbutt is hit by Alex Goligoski.
12:41 of 1st period - Teddy Purcell is hit by Alex Goligoski and loses puck.
13:52 of 1st period - Penalty to Seth Helgeson is over, Seth Helgeson is back on ice.
13:53 of 1st period - Slapshot by Joe Thornton.
13:53 of 1st period - Stopped by Anders Lindback with a rebound.
13:55 of 1st period - Slapshot by Alex Goligoski.
13:55 of 1st period - Stopped by Anders Lindback without a rebound.
13:56 of 1st period - Justin Abdelkader wins face-off versus Carl Klingberg in BlueJackets zone.
14:07 of 1st period - Snap shot by Derek Dorsett.
14:07 of 1st period - Stopped by Pekka Rinne without a rebound.
14:08 of 1st period - Mike Ribeiro wins face-off versus Carl Klingberg in Canadiens zone.
14:23 of 1st period - Wrist shot by Patrick Eaves.
14:23 of 1st period - Shot Blocked by Carl Klingberg.
14:34 of 1st period - Minor Penalty to Justin Abdelkader for Hooking.
14:35 of 1st period - Victor Rask wins face-off versus Maxim Lapierre in Canadiens zone.
15:04 of 1st period - Minor Penalty to Brian Boyle for Interference.
15:05 of 1st period - Sam Gagner wins face-off versus Mike Cammalleri in Canadiens zone.
15:11 of 1st period - Snap shot by Matt Nieto.
15:11 of 1st period - Shot Misses the Net.
15:13 of 1st period - Slapshot by Chad Ruhwedel.
15:13 of 1st period - Shot Misses the Net.
15:15 of 1st period - Slapshot by Patrick Wiercioch.
15:15 of 1st period - Stopped by Pekka Rinne with a rebound.
15:43 of 1st period - Mike Cammalleri is hit by Matt Nieto.
16:01 of 1st period - Slapshot by Victor Rask.
16:01 of 1st period - Goal by Victor Rask - BlueJackets : 1 - Canadiens : 3.
16:02 of 1st period - Maxim Lapierre wins face-off versus Chris Thorburn in neutral zone.
16:41 of 1st period - Snap shot by Matt Nieto.
16:41 of 1st period - Shot Blocked by Dennis Seidenberg.
16:43 of 1st period - Slapshot by Brian Dumoulin.
16:43 of 1st period - Shot Blocked by Maxim Lapierre.
16:45 of 1st period - Backhand shot by Matt Nieto.
16:45 of 1st period - Stopped by Pekka Rinne with a rebound.
16:47 of 1st period - Wrist shot by Seth Helgeson.
16:47 of 1st period - Shot Misses the Net.
16:49 of 1st period - Slapshot by Brian Dumoulin.
16:49 of 1st period - Stopped by Pekka Rinne without a rebound.
16:50 of 1st period - Maxim Lapierre wins face-off versus Sam Gagner in Canadiens zone.
16:57 of 1st period - Slapshot by Mathieu Perreault.
16:57 of 1st period - Stopped by Anders Lindback with a rebound.
17:03 of 1st period - Alex Goligoski is hit by Brian Dumoulin and loses puck.
17:04 of 1st period - Penalty to Brian Boyle is over, Brian Boyle is back on ice.
17:45 of 1st period - Minor Penalty to Radim Vrbata for Holding.
17:46 of 1st period - Maxim Lapierre wins face-off versus Victor Rask in Canadiens zone.
18:10 of 1st period - Off-side.
18:11 of 1st period - Maxim Lapierre wins face-off versus Sam Gagner in neutral zone.
18:28 of 1st period - Slapshot by Teddy Purcell.
18:28 of 1st period - Shot Misses the Net.
18:30 of 1st period - Slapshot by Sam Gagner.
18:30 of 1st period - Stopped by Pekka Rinne with a rebound.
19:45 of 1st period - Penalty to Radim Vrbata is over, Radim Vrbata is back on ice.
19:51 of 1st period - Minor Penalty to Derek Dorsett for Tripping.
19:52 of 1st period - Joe Thornton wins face-off versus Ryan Garbutt in BlueJackets zone.
Goals for this period are 1 for BlueJackets vs 3 for Canadiens.
Shots for this period are 10 for BlueJackets vs 13 for Canadiens.

2nd period


0:01 of 2nd period - Joe Thornton wins face-off versus Ryan Garbutt in neutral zone.
0:06 of 2nd period - Wrist shot by Radim Vrbata.
0:06 of 2nd period - Stopped by Anders Lindback with a rebound.
1:35 of 2nd period - Justin Abdelkader is hit by Patrick Wiercioch and loses puck.
1:51 of 2nd period - Penalty to Derek Dorsett is over, Derek Dorsett is back on ice.
2:06 of 2nd period - Slapshot by Mathieu Perreault.
2:06 of 2nd period - Stopped by Anders Lindback without a rebound.
2:07 of 2nd period - Carl Klingberg wins face-off versus Mathieu Perreault in BlueJackets zone.
2:26 of 2nd period - Slapshot by Kevin Connauton.
2:26 of 2nd period - Shot Misses the Net.
2:58 of 2nd period - Jordie Benn is hit by Ryan Garbutt and loses puck.
3:08 of 2nd period - Minor Penalty to Brian Boyle for Interference.
3:09 of 2nd period - Maxim Lapierre wins face-off versus Sam Gagner in Canadiens zone.
3:37 of 2nd period - Andrew Campbell is hit by Patrick Wiercioch and loses puck.
3:48 of 2nd period - Victor Rask is hit by Alex Goligoski and loses puck.
4:47 of 2nd period - Dennis Seidenberg is hit by Chris Thorburn and loses puck.
5:08 of 2nd period - Penalty to Brian Boyle is over, Brian Boyle is back on ice.
5:26 of 2nd period - Seth Helgeson is hit by Ben Lovejoy.
5:35 of 2nd period - Seth Helgeson is hit by Mike Ribeiro and loses puck.
8:31 of 2nd period - Snap shot by Kevin Connauton.
8:31 of 2nd period - Shot Misses the Net.
8:51 of 2nd period - Snap shot by Ryane Clowe.
8:51 of 2nd period - Stopped by Pekka Rinne with a rebound.
8:53 of 2nd period - Wrist shot by Derek Dorsett.
8:53 of 2nd period - Stopped by Pekka Rinne with a rebound.
8:59 of 2nd period - Derek Dorsett is hit by Ben Lovejoy and loses puck.
9:10 of 2nd period - Snap shot by Brian Boyle.
9:10 of 2nd period - Deflect By Gregory Campbell.
9:10 of 2nd period - Shot Misses the Net.
9:10 of 2nd period - Puck is out of play.
9:11 of 2nd period - Sam Gagner wins face-off versus Maxim Lapierre in BlueJackets zone.
10:19 of 2nd period - Patrick Wiercioch is hit by Ben Lovejoy and loses puck.
11:12 of 2nd period - Kevin Connauton is hit by Joe Thornton.
11:27 of 2nd period - Icing by Jordie Benn.
11:28 of 2nd period - Mike Ribeiro wins face-off versus Sam Gagner in Canadiens zone.
11:54 of 2nd period - Snap shot by Magnus Paajarvi.
11:54 of 2nd period - Stopped by Pekka Rinne with a rebound.
12:41 of 2nd period - Dennis Seidenberg is hit by Ryan Garbutt.
12:55 of 2nd period - Wrist shot by Matt Nieto.
12:55 of 2nd period - Stopped by Pekka Rinne without a rebound.
12:56 of 2nd period - Sam Gagner wins face-off versus Joe Thornton in Canadiens zone.
13:20 of 2nd period - Wrist shot by Justin Abdelkader.
13:20 of 2nd period - Shot Misses the Net.
13:41 of 2nd period - Slapshot by Francois Beauchemin.
13:41 of 2nd period - Stopped by Anders Lindback with a rebound.
13:43 of 2nd period - Slapshot by Alex Goligoski.
13:43 of 2nd period - Stopped by Anders Lindback with a rebound.
14:03 of 2nd period - Snap shot by Mike Ribeiro.
14:03 of 2nd period - Shot Misses the Net.
14:15 of 2nd period - Ben Lovejoy is hit by Ryan Garbutt and loses puck.
14:47 of 2nd period - Chad Ruhwedel is hit by Ryan Callahan and loses puck.
15:08 of 2nd period - Slapshot by Brian Boyle.
15:08 of 2nd period - Stopped by Anders Lindback without a rebound.
15:09 of 2nd period - Carl Klingberg wins face-off versus Maxim Lapierre in BlueJackets zone.
15:18 of 2nd period - Slapshot by Derek Dorsett.
15:18 of 2nd period - Shot Blocked by Alex Goligoski.
16:27 of 2nd period - Wrist shot by Matt Nieto.
16:27 of 2nd period - Deflect By Teddy Purcell.
16:27 of 2nd period - Shot Misses the Net.
16:27 of 2nd period - Puck is out of play.
16:28 of 2nd period - Mathieu Perreault wins face-off versus Teddy Purcell in Canadiens zone.
16:30 of 2nd period - Minor Penalty to Ryan Callahan for Hooking.
16:31 of 2nd period - Maxim Lapierre wins face-off versus Sam Gagner in Canadiens zone.
17:02 of 2nd period - Icing by Seth Helgeson.
17:03 of 2nd period - Victor Rask wins face-off versus Gregory Campbell in BlueJackets zone.
17:22 of 2nd period - Snap shot by Victor Rask.
17:22 of 2nd period - Stopped by Pekka Rinne with a rebound.
17:38 of 2nd period - Wrist shot by Matt Nieto.
17:38 of 2nd period - Stopped by Pekka Rinne without a rebound.
17:39 of 2nd period - Sam Gagner wins face-off versus Mike Cammalleri in Canadiens zone.
18:07 of 2nd period - Backhand shot by Chris Thorburn.
18:07 of 2nd period - Shot Misses the Net.
18:30 of 2nd period - Penalty to Ryan Callahan is over, Ryan Callahan is back on ice.
18:32 of 2nd period - Gregory Campbell is hit by Sam Gagner and loses puck.
19:20 of 2nd period - Minor Penalty to Justin Abdelkader for Tripping.
19:21 of 2nd period - Maxim Lapierre wins face-off versus Victor Rask in Canadiens zone.
Goals for this period are 0 for BlueJackets vs 0 for Canadiens.
Shots for this period are 6 for BlueJackets vs 5 for Canadiens.

3rd period


0:01 of 3rd period - Sam Gagner wins face-off versus Maxim Lapierre in neutral zone.
0:06 of 3rd period - Wrist shot by Matt Nieto.
0:06 of 3rd period - Stopped by Pekka Rinne with a rebound.
0:46 of 3rd period - Icing by Matt Nieto.
0:47 of 3rd period - Victor Rask wins face-off versus Gregory Campbell in BlueJackets zone.
1:02 of 3rd period - Wrist shot by Ryan Garbutt.
1:02 of 3rd period - Shot Misses the Net.
1:04 of 3rd period - Slapshot by Brian Dumoulin.
1:04 of 3rd period - Deflect By Victor Rask.
1:04 of 3rd period - Shot Misses the Net.
1:04 of 3rd period - Puck is out of play.
1:05 of 3rd period - Maxim Lapierre wins face-off versus Victor Rask in Canadiens zone.
1:18 of 3rd period - Wrist shot by Victor Rask.
1:18 of 3rd period - Stopped by Pekka Rinne with a rebound.
1:20 of 3rd period - Penalty to Justin Abdelkader is over, Justin Abdelkader is back on ice.
1:20 of 3rd period - Snap shot by Seth Helgeson.
1:20 of 3rd period - Shot Misses the Net.
1:22 of 3rd period - Wrist shot by Ryan Garbutt.
1:22 of 3rd period - Shot Blocked by Ben Lovejoy.
1:30 of 3rd period - Snap shot by Victor Rask.
1:30 of 3rd period - Shot Misses the Net.
1:32 of 3rd period - Slapshot by Ryan Garbutt.
1:32 of 3rd period - Stopped by Pekka Rinne with a rebound.
1:50 of 3rd period - Slapshot by Ryan Callahan.
1:50 of 3rd period - Shot Misses the Net.
1:54 of 3rd period - Snap shot by Ryan Callahan.
1:54 of 3rd period - Stopped by Anders Lindback with a rebound.
1:56 of 3rd period - Snap shot by Alex Goligoski.
1:56 of 3rd period - Deflect By Ryane Clowe.
1:56 of 3rd period - Stopped by Anders Lindback with a rebound.
2:02 of 3rd period - Wrist shot by Mike Cammalleri.
2:02 of 3rd period - Shot Blocked by Brian Dumoulin.
2:04 of 3rd period - Snap shot by Ryan Callahan.
2:04 of 3rd period - Goal by Ryan Callahan - BlueJackets : 1 - Canadiens : 4.
2:05 of 3rd period - Mathieu Perreault wins face-off versus Sam Gagner in neutral zone.
2:54 of 3rd period - Chris Thorburn is hit by Francois Beauchemin and loses puck.
3:09 of 3rd period - Wrist shot by Joe Thornton.
3:09 of 3rd period - Shot Blocked by Trevor van Riemsdyk.
3:11 of 3rd period - Backhand shot by Dennis Seidenberg.
3:11 of 3rd period - Stopped by Anders Lindback without a rebound.
3:12 of 3rd period - Joe Thornton wins face-off versus Carl Klingberg in BlueJackets zone.
3:13 of 3rd period - Wrist shot by Justin Abdelkader.
3:13 of 3rd period - Deflect By Joe Thornton.
3:13 of 3rd period - Stopped by Anders Lindback with a rebound.
3:15 of 3rd period - Slapshot by Ben Lovejoy.
3:15 of 3rd period - Shot Blocked by Chad Ruhwedel.
3:20 of 3rd period - Minor Penalty to Derek Dorsett for Holding.
3:21 of 3rd period - Joe Thornton wins face-off versus Ryan Garbutt in BlueJackets zone.
4:24 of 3rd period - Ryan Garbutt is hit by Ryan Callahan and loses puck.
4:49 of 3rd period - Wrist shot by Justin Abdelkader.
4:49 of 3rd period - Shot Misses the Net.
4:51 of 3rd period - Snap shot by Joe Thornton.
4:51 of 3rd period - Goal by Joe Thornton - BlueJackets : 1 - Canadiens : 5.
4:51 of 3rd period - Joni Ortio enters game.
4:52 of 3rd period - Mike Ribeiro wins face-off versus Magnus Paajarvi in neutral zone.
4:56 of 3rd period - Minor Penalty to Seth Helgeson for Tripping.
4:57 of 3rd period - Mathieu Perreault wins face-off versus Ryan Garbutt in BlueJackets zone.
5:02 of 3rd period - Slapshot by Mathieu Perreault.
5:02 of 3rd period - Goal by Mathieu Perreault - BlueJackets : 1 - Canadiens : 6.
5:03 of 3rd period - Mathieu Perreault wins face-off versus Magnus Paajarvi in neutral zone.
5:14 of 3rd period - Alex Goligoski is hit by Patrick Wiercioch and loses puck.
5:22 of 3rd period - Francois Beauchemin beats up Magnus Paajarvi.
5:22 of 3rd period - Penalty to Francois Beauchemin for Fighting.
5:22 of 3rd period - Penalty to Magnus Paajarvi for Fighting.
5:23 of 3rd period - Mike Cammalleri wins face-off versus Sam Gagner in Canadiens zone.
6:06 of 3rd period - Minor Penalty to Patrick Wiercioch for Roughing.
6:07 of 3rd period - Joe Thornton wins face-off versus Ryan Garbutt in BlueJackets zone.
6:36 of 3rd period - Icing by Justin Abdelkader.
6:37 of 3rd period - Joe Thornton wins face-off versus Ryan Garbutt in Canadiens zone.
7:11 of 3rd period - Teddy Purcell is hit by Mike Cammalleri.
7:29 of 3rd period - Matt Nieto is hit by Ryan Callahan and loses puck.
8:06 of 3rd period - Penalty to Patrick Wiercioch is over, Patrick Wiercioch is back on ice.
8:07 of 3rd period - Chad Ruhwedel is hit by Jordie Benn and loses puck.
8:16 of 3rd period - Snap shot by Ryan Callahan.
8:16 of 3rd period - Shot Misses the Net.
8:18 of 3rd period - Wrist shot by Ryan Callahan.
8:18 of 3rd period - Deflect By Brian Dumoulin.
8:18 of 3rd period - Stopped by Joni Ortio without a rebound.
8:19 of 3rd period - Mathieu Perreault wins face-off versus Matt Nieto in BlueJackets zone.
9:06 of 3rd period - Andrew Campbell is hit by Carl Klingberg and loses puck.
9:13 of 3rd period - Wrist shot by Ryane Clowe.
9:13 of 3rd period - Stopped by Pekka Rinne without a rebound.
9:14 of 3rd period - Carl Klingberg wins face-off versus Maxim Lapierre in Canadiens zone.
9:23 of 3rd period - Snap shot by Ryane Clowe.
9:23 of 3rd period - Stopped by Pekka Rinne with a rebound.
9:25 of 3rd period - Slapshot by Carl Klingberg.
9:25 of 3rd period - Shot Misses the Net.
9:27 of 3rd period - Wrist shot by Derek Dorsett.
9:27 of 3rd period - Stopped by Pekka Rinne with a rebound.
9:29 of 3rd period - Snap shot by Derek Dorsett.
9:29 of 3rd period - Shot Blocked by Alex Goligoski.
9:35 of 3rd period - Backhand shot by Carl Klingberg.
9:35 of 3rd period - Stopped by Pekka Rinne without a rebound.
9:36 of 3rd period - Matt Nieto wins face-off versus Mike Ribeiro in Canadiens zone.
9:41 of 3rd period - Slapshot by Matt Nieto.
9:41 of 3rd period - Stopped by Pekka Rinne with a rebound.
9:52 of 3rd period - Minor Penalty to Patrick Wiercioch for High sticking.
9:53 of 3rd period - Mathieu Perreault wins face-off versus Ryan Garbutt in BlueJackets zone.
9:57 of 3rd period - Wrist shot by Mathieu Perreault.
9:57 of 3rd period - Shot Blocked by Ryan Garbutt.
9:59 of 3rd period - Slapshot by Dennis Seidenberg.
9:59 of 3rd period - Stopped by Joni Ortio with a rebound.
10:22 of 3rd period - Penalty to Magnus Paajarvi is over, Magnus Paajarvi is back on ice.
10:23 of 3rd period - Chad Ruhwedel is hit by Ryan Callahan and loses puck.
10:46 of 3rd period - Dennis Seidenberg is hit by Brian Dumoulin and loses puck.
10:53 of 3rd period - Snap shot by Joe Thornton.
10:53 of 3rd period - Shot Misses the Net.
10:55 of 3rd period - Slapshot by Justin Abdelkader.
10:55 of 3rd period - Goal by Justin Abdelkader - BlueJackets : 1 - Canadiens : 7.
10:56 of 3rd period - Mike Ribeiro wins face-off versus Magnus Paajarvi in neutral zone.
11:45 of 3rd period - Snap shot by Radim Vrbata.
11:45 of 3rd period - Stopped by Joni Ortio with a rebound.
11:47 of 3rd period - Slapshot by Dennis Seidenberg.
11:47 of 3rd period - Stopped by Joni Ortio without a rebound.
11:48 of 3rd period - Joe Thornton wins face-off versus Carl Klingberg in BlueJackets zone.
11:55 of 3rd period - Snap shot by Justin Abdelkader.
11:55 of 3rd period - Shot Blocked by Carl Klingberg.
12:01 of 3rd period - Wrist shot by Radim Vrbata.
12:01 of 3rd period - Goal by Radim Vrbata - BlueJackets : 1 - Canadiens : 8.
12:02 of 3rd period - Joe Thornton wins face-off versus Chris Thorburn in neutral zone.
12:09 of 3rd period - Wrist shot by Justin Abdelkader.
12:09 of 3rd period - Goal by Justin Abdelkader - BlueJackets : 1 - Canadiens : 9.
12:10 of 3rd period - Mathieu Perreault wins face-off versus Sam Gagner in neutral zone.
12:13 of 3rd period - Matt Nieto is hit by Mathieu Perreault and loses puck.
12:28 of 3rd period - Snap shot by Mike Cammalleri.
12:28 of 3rd period - Stopped by Joni Ortio without a rebound.
12:29 of 3rd period - Mathieu Perreault wins face-off versus Sam Gagner in BlueJackets zone.
12:46 of 3rd period - Wrist shot by Mathieu Perreault.
12:46 of 3rd period - Stopped by Joni Ortio with a rebound.
12:48 of 3rd period - Wrist shot by Alex Goligoski.
12:48 of 3rd period - Shot Blocked by Trevor van Riemsdyk.
12:50 of 3rd period - Snap shot by Francois Beauchemin.
12:50 of 3rd period - Shot Blocked by Sam Gagner.
12:50 of 3rd period - Sam Gagner from BlueJackets is injured at 12:50 of 3rd period (Strained Left Knee).
12:51 of 3rd period - Mathieu Perreault wins face-off versus Nick Shore in BlueJackets zone.
14:10 of 3rd period - Wrist shot by Justin Abdelkader.
14:10 of 3rd period - Shot Misses the Net.
14:33 of 3rd period - Minor Penalty to Chris Thorburn for Hooking.
14:34 of 3rd period - Radim Vrbata wins face-off versus Ryan Garbutt in BlueJackets zone.
14:35 of 3rd period - Snap shot by Joe Thornton.
14:35 of 3rd period - Goal by Joe Thornton - BlueJackets : 1 - Canadiens : 10.
14:36 of 3rd period - Nick Shore wins face-off versus Mike Ribeiro in neutral zone.
14:47 of 3rd period - Backhand shot by Teddy Purcell.
14:47 of 3rd period - Stopped by Pekka Rinne with a rebound.
14:57 of 3rd period - Slapshot by Alex Goligoski.
14:57 of 3rd period - Shot Misses the Net.
14:59 of 3rd period - Slapshot by Alex Goligoski.
14:59 of 3rd period - Stopped by Joni Ortio without a rebound.
15:00 of 3rd period - Joe Thornton wins face-off versus Carl Klingberg in BlueJackets zone.
15:34 of 3rd period - Minor Penalty to Dennis Seidenberg for Slashing.
15:35 of 3rd period - Nick Shore wins face-off versus Maxim Lapierre in Canadiens zone.
16:00 of 3rd period - Icing by Chad Ruhwedel.
16:01 of 3rd period - Maxim Lapierre wins face-off versus Nick Shore in BlueJackets zone.
16:14 of 3rd period - Wrist shot by Matt Nieto.
16:14 of 3rd period - Stopped by Pekka Rinne without a rebound.
16:15 of 3rd period - Victor Rask wins face-off versus Maxim Lapierre in Canadiens zone.
16:20 of 3rd period - Wrist shot by Victor Rask.
16:20 of 3rd period - Goal by Victor Rask - BlueJackets : 2 - Canadiens : 10.
16:21 of 3rd period - Mathieu Perreault wins face-off versus Nick Shore in neutral zone.
16:40 of 3rd period - Wrist shot by Matt Nieto.
16:40 of 3rd period - Deflect By Teddy Purcell.
16:40 of 3rd period - Stopped by Pekka Rinne without a rebound.
16:41 of 3rd period - Mathieu Perreault wins face-off versus Nick Shore in Canadiens zone.
17:13 of 3rd period - Minor Penalty to Trevor van Riemsdyk for Hooking.
17:14 of 3rd period - Joe Thornton wins face-off versus Ryan Garbutt in BlueJackets zone.
18:42 of 3rd period - Snap shot by Joe Thornton.
18:42 of 3rd period - Shot Misses the Net.
18:44 of 3rd period - Snap shot by Radim Vrbata.
18:44 of 3rd period - Goal by Radim Vrbata - BlueJackets : 2 - Canadiens : 11.
18:45 of 3rd period - Mike Ribeiro wins face-off versus Carl Klingberg in neutral zone.
19:24 of 3rd period - Minor Penalty to Derek Dorsett for Hooking.
19:25 of 3rd period - Joe Thornton wins face-off versus Ryan Garbutt in BlueJackets zone.
19:59 of 3rd period - Off-side.
Goals for this period are 1 for BlueJackets vs 8 for Canadiens.
Shots for this period are 12 for BlueJackets vs 19 for Canadiens.